 Dungeon Crawl Stone Soup version 0.21-a0-286-g6fcecc0 (webtiles) character file.

598 prokat the Grave Robber (level 7, -3/47 HPs)
             Began as a Demonspawn Necromancer on Sept 27, 2017.
             Was an Initiate of Makhleb.
             Shot with an arrow by a centaur (11 damage)
             ... on level 5 of the Dungeon.
             The game lasted 00:51:34 (6659 turns).

prokat the Grave Robber (Demonspawn Necromancer)    Turns: 6659, Time: 00:51:34

Health: -3/47      AC:  7    Str: 13    XL:     7   Next: 17%
Magic:  11/14      EV: 12    Int: 21    God:    Makhleb [......]
Gold:   244        SH:  0    Dex: 14    Spells: 1/16 levels left

rFire    . . .     SeeInvis .   y - +0 short sword (venom)
rCold    . . .     Gourm    .   (no shield)
rNeg     . . .     Faith    .   a - +1 robe
rPois    .         Spirit   .   q - +0 helmet
rElec    .         Reflect  .   (no cloak)
rCorr    .         Harm     .   (no gloves)
MR       .....                  (no boots)
Stlth    +++.......             (no amulet)
HPRegen  0.15/turn              s - +3 ring of intelligence
MPRegen  0.14/turn              o - +5 ring of strength

@: drained
A: claws 1, slimy green scales 2, nightstalker 1
a: Renounce Religion


You were on level 5 of the Dungeon.
You worshipped Makhleb.
Makhleb was noncommittal.
You were not hungry.

You visited 2 branches of the dungeon, and saw 6 of its levels.

You collected 244 gold pieces.

Inventory:

Hand Weapons
 j - a +1 war axe of chopping
 y - a +0 short sword of venom (weapon)
Armour
 a - a +1 robe (worn)
 q - a +0 helmet (worn)
Jewellery
 f - an uncursed ring of protection from fire
 i - an uncursed ring of stealth
 o - a +5 ring of strength (right claw)
 s - a +3 ring of intelligence (left claw)
Scrolls
 d - 3 scrolls of enchant armour
 h - 3 scrolls of remove curse
 l - a scroll of fear
 n - a scroll of magic mapping {unknown}
 p - 3 scrolls of immolation {unknown}
 t - a scroll of blinking {unknown}
 v - a scroll of enchant weapon {unknown}
 w - a scroll of identify
Potions
 e - a potion of ambrosia
 k - a potion of haste
 r - 2 potions of invisibility
 x - a potion of curing
 z - 2 potions of agility {unknown}
Books
 b - a book of Necromancy

   Spells                             Type                      Level
   a - Pain                           Necromancy                   1
   b - Animate Skeleton               Necromancy                   1
   c - Vampiric Draining              Necromancy                   3
   d - Regeneration                   Charms/Necromancy            3
   e - Animate Dead                   Necromancy                   4
   f - Control Undead                 Necromancy                   4
 u - a book of Minor Magic

   Spells                             Type                      Level
   a - Magic Dart                     Conjuration                  1
   b - Blink                          Translocation                2
   c - Call Imp                       Summoning                    2
   d - Slow                           Hexes                        2
   e - Conjure Flame                  Conjuration/Fire             3
   f - Mephitic Cloud                 Conjuration/Poison/Air       3
 A - a book of Misfortune

   Spells                             Type                      Level
   a - Confusing Touch                Hexes                        1
   b - Confuse                        Hexes                        3
   c - Gell's Gravitas                Translocation                3
   d - Petrify                        Transmutation/Earth          4
   e - Metabolic Englaciation         Hexes/Ice                    5
   f - Yara's Violent Unravelling     Hexes/Transmutation          5
Comestibles
 c - a bread ration
 g - 4 meat rations
 m - 2 royal jellies


   Skills:
 + Level 0.6(0.0) Fighting
 + Level 0.5(0.2) Axes
   Level 1.0(0.4) Maces & Flails
 + Level 2.5(1.8) Dodging
 + Level 2.4(1.7) Stealth
 + Level 5.0(4.3) Spellcasting
 + Level 6.8(6.0) Necromancy


You had one spell level left.
You knew the following spells:

 Your Spells              Type           Power        Failure   Level  Hunger
a - Pain                  Necr           ####         1%          1    None
b - Animate Skeleton      Necr           N/A          1%          1    None
c - Vampiric Draining     Necr           ####......   3%          3    ##.....
d - Control Undead        Necr           ####......   10%         4    ####...
e - Animate Dead          Necr           N/A          10%         4    ####...
f - Blink                 Tloc           N/A          19%         2    #......


Dungeon Overview and Level Annotations

Branches:
Dungeon (5/15)             Temple (1/1) D:4

Altars:
Elyvilon
Fedhas
Gozag
Makhleb
Okawaru
Qazlal
Ru
Sif Muna
Trog
Uskayaw
Vehumet
Yredelemnul
Zin
The Shining One


Innate Abilities, Weirdness & Mutations

You have sharp fingernails.
You are mostly covered in slimy green scales. (AC +3)
You are slightly more attuned to the shadows.


Message History

Casting: Pain
Confirm with . or Enter, or press ? or * to list all spells.
Aiming: Pain
Press: ? - help, Shift-Dir - straight line, f/p - centaur
Aim: a centaur, wielding a shortbow (heavily wounded, chance to defeat MR: 84%)
The centaur writhes in agony!
The centaur shoots an arrow.
The arrow hits you!
The centaur shoots an arrow.
The arrow barely misses you.
You see here 2 arrows.
The centaur shoots an arrow.
The arrow hits you but does no damage.
You see here an arrow.
The centaur shoots an arrow.
The arrow hits you!
* * * LOW HITPOINT WARNING * * *
You see here an arrow.
The centaur shoots an arrow.
The arrow hits you.
* * * LOW HITPOINT WARNING * * *
You see here an arrow.
You feel better.
The centaur shoots an arrow.
The arrow hits you.
* * * LOW HITPOINT WARNING * * *
The centaur shoots an arrow.
The arrow hits you!
You die...

#. #### .#.#####..
##........#
..........# #
#.........######..
..................
..................
.####.@...<###..
#(###### #(# #.#
#(#######
.####c#......
#......(......
######.#......
#.#(c....


You could see a centaur.

Vanquished Creatures
  Sigmund (D:4)
  A scorpion (D:4)
  A hound (D:3)
  A jelly (D:3)
  An orc priest (D:4)
  3 orc wizards
  Robin (D:2)
  4 adders
  3 gnolls
  8 oozes
  2 worms
  2 dart slugs
  A leopard gecko (D:1)
  9 orcs
  6 bats
  5 giant cockroaches
  11 goblins
  12 hobgoblins
  9 jackals
  12 kobolds
  3 quokkas
  9 frilled lizards
  3 rats
108 creatures vanquished.

Vanquished Creatures (collateral kills)
  An ooze (D:2)
  3 orcs
  A hobgoblin (D:2)
  2 frilled lizards (D:1)
  8 goblins
  A kobold (D:3)
  2 rats
18 creatures vanquished.

Vanquished Creatures (others)
  5 toadstools (D:3)
5 creatures vanquished.

Grand Total: 131 creatures vanquished

Notes
Turn   | Place    | Note
-------+----------+-------------------------------------------
     0 | D:1      | prokat the Demonspawn Necromancer began the quest for the Orb.
     0 | D:1      | Reached XP level 1. HP: 13/13 MP: 3/3
    87 | D:1      | Learned a level 1 spell: Animate Skeleton
   439 | D:1      | Gained mutation: You are partially covered in slimy green scales. (AC +2) [demonic ancestry]
   439 | D:1      | Reached XP level 2. HP: 19/19 MP: 3/5
  1232 | D:1      | Reached skill level 5 in Necromancy
  1337 | D:1      | Gained mutation: You have sharp fingernails. [demonic ancestry]
  1337 | D:1      | Reached XP level 3. HP: 19/24 MP: 4/6
  1428 | D:1      | Learned a level 3 spell: Vampiric Draining
  1930 | D:2      | Found a sacrificial altar of Ru.
  1944 | D:2      | Reached XP level 4. HP: 28/30 MP: 0/8
  2321 | D:2      | HP: 1/30 [orc/whip (4)]
  2827 | D:3      | Noticed Robin
  2828 | D:3      | Gained mutation: You are mostly covered in slimy green scales. (AC +3) [demonic ancestry]
  2828 | D:3      | Reached XP level 5. HP: 35/35 MP: 6/9
  2845 | D:2      | Killed Robin
  2956 | D:2      | Learned a level 4 spell: Control Undead
  3360 | D:3      | Found a bloodstained altar of Trog.
  3362 | D:3      | Found a basalt altar of Yredelemnul.
  3626 | D:3      | Reached skill level 1 in Maces & Flails
  4321 | D:3      | Reached skill level 6 in Necromancy
  4426 | D:3      | Reached XP level 6. HP: 31/42 MP: 9/11
  4608 | D:4      | Found a burning altar of Makhleb.
  4610 | D:4      | Noticed Sigmund
  5929 | D:4      | Killed Sigmund
  5929 | D:4      | Reached skill level 5 in Spellcasting
  5929 | D:4      | Gained mutation: You are slightly more attuned to the shadows. [demonic ancestry]
  5929 | D:4      | Reached XP level 7. HP: 25/47 MP: 5/14
  6076 | D:4      | Found a staircase to the Ecumenical Temple.
  6097 | Temple   | Entered the Ecumenical Temple
  6259 | D:4      | Became a worshipper of Makhleb the Destroyer
  6351 | D:4      | Learned a level 4 spell: Animate Dead
  6354 | D:4      | Learned a level 2 spell: Blink
  6358 | D:4      | Found a hide-covered altar of Uskayaw.
  6634 | D:5      | Entered Level 5 of the Dungeon
  6657 | D:5      | HP: 2/47 [centaur/arrow (5)]
  6659 | D:5      | Shot with an arrow by a centaur

Vault maps used:
D:1:      minmay_arrival_nine_rooms, serial_bayou_pond_e
D:2:      nicolae_ru_great_annihilating_truth
D:3:      cheibrodos_fertilizer, gammafunk_temple_overflow_pools, uniq_robin
D:4:      lemuel_round_altar, lemuel_crystal_altar, minmay_temple_entry_trees,
          uniq_sigmund
D:5:      first_bread, uniq_prince_ribbit1
Temple:   dpeg_three_leaves_temple

Skill      XL: |  1  2  3  4  5  6 |
---------------+-------------------+-----
Necromancy     | 5 6 |  6.8
Dodging        | 2 |  2.5
Stealth        | 2 |  2.4
Spellcasting   | 3 5 |  5.0
Maces & Flails | 1 |  1.0
Fighting       | |  0.6
Axes           | |  0.5

Action                   |  1- 3 |  4- 6 |  7- 9 || total
-------------------------+-------+-------+-------++-------
Melee: Mace              |    30 |    22 |       ||    52
       War axe           |       |    26 |       ||    26
       Short sword       |       |     2 |       ||     2
 Cast: Pain              |    36 |   131 |     9 ||   176
       Animate Skeleton  |    19 |    40 |       ||    59
       Vampiric Draining |     1 |    13 |     1 ||    15
  Use: Scroll            |     4 |     3 |       ||     7
       Potion            |       |     3 |     1 ||     4
 Stab: Sleeping          |     1 |     1 |       ||     2
       Distracted        |       |     1 |       ||     1
  Eat: Chunk             |     4 |     9 |       ||    13
       Bread ration      |       |     1 |     1 ||     2
Armor: Robe              |    19 |    39 |     1 ||    59
Dodge: Dodged            |    34 |    95 |     2 ||   131

Table legend:
 A = Spawn XP
 B = Non-spawn XP
 C = Spawn XP percentage of total XP
 D = Spawn monster count
 E = Non-spawn monster count
 F = Spawn count percentage of total count
 G = Total turns spent on level
                    A         B        C        D         E        F      G
               +---------+---------+-------+---------+---------+-------+---------
         Total |       0 |     855 |   0.0 |       0 |     126 |   0.0 |  6659
               +---------+---------+-------+---------+---------+-------+---------
           D:1 |       0 |      39 |   0.0 |       0 |      22 |   0.0 |  1381
           D:2 |       0 |     202 |   0.0 |       0 |      46 |   0.0 |  1998
           D:3 |       0 |     201 |   0.0 |       0 |      41 |   0.0 |  2259
           D:4 |       0 |     400 |   0.0 |       0 |      16 |   0.0 |   845
           D:5 |       0 |      13 |   0.0 |       0 |       1 |   0.0 |    25
               +---------+---------+-------+---------+---------+-------+---------
